AoeStats
← MattAtArms

Arabia

509698356Analyzed
1v1 RM · 5d ago on Sep 27, 2026· 47m 6s· 2 players
Game mode
Random Map
Map size
Tiny (2 player)
Population
200
Speed
Normal
Resources
Standard
Victory
Conquest
Starting age
Dark Age
Ending age
Imperial Age
RankedLock teamsTeams togetherTeam positionsShared explorationLock speedFull tech treeHidden civsTurbo modeCheats
Victory
Defeat
🇬🇧 Gurjaras · United Kingdom
2006
+13
🇺🇸 Japanese · United States
1932
-13
katzzlikemeowmix
5:28 Loom
8:28 Feudal Age
10:09 Double-Bit Axe
11:22 Horse Collar
20:19 Castle Age
18:40 Gold Mining
18:47 Fletching
19:09 Padded Archer Armor
21:03 Bodkin Arrow
20:38 Elite Skirmisher
21:58 Leather Archer Armor
22:30 Bow Saw
24:49 Wheelbarrow
26:27 Ballistics
26:24 Husbandry
30:57 Bloodlines
32:46 Town Watch
33:38 Stone Mining
37:56 Imperial Age
37:07 Thumb Ring
37:09 Scale Barding Armor
37:14 Forging
38:40 Bracer
39:45 Chemistry
40:50 Ring Archer Armor
40:48 Light Cavalry
42:25 Conscription
43:07 Chain Barding Armor
43:22 Iron Casting
42:29 Light Cavalry
42:45 Cavalier
MattAtArms
8:23 Feudal Age
7:36 Loom
10:19 Horse Collar
11:10 Double-Bit Axe
19:17 Castle Age
18:02 Gold Mining
18:14 Fletching
18:28 Padded Archer Armor
20:06 Bloodlines
20:12 Bow Saw
22:16 Bodkin Arrow
23:33 Ballistics
25:15 Wheelbarrow
25:56 Town Watch
29:54 Husbandry
38:29 Imperial Age
37:29 Heavy Plow
39:52 Scale Barding Armor
39:58 Forging
39:26 Elite Shrivamsha Rider
40:58 Chain Barding Armor
40:44 Bracer
43:11 Plate Barding Armor
42:36 Scale Mail Armor
45:23 Conscription
46:06 Thumb Ring
45:57 Heavy Camel Rider
Connection lost

Rejoining the realm…

Still unreachable

The connection could not be restored.

Session expired

The server has moved on; the page needs a fresh start.